 Dungeon Crawl Stone Soup version 0.28.0-45-g0d030f2227 (webtiles) character file.

Game seed: 1103793585044242387

126 seaoflcl the Slasher (level 4, 0/38 HPs)
             Began as a Demigod Fighter on Apr 24, 2022.
             Succumbed to a kobold's poison
             ... on level 3 of the Dungeon.
             The game lasted 00:02:09 (2786 turns).

seaoflcl the Slasher (Demigod Fighter)              Turns: 2786, Time: 00:02:10

Health: 0/38       AC:  6    Str: 21    XL:     4   Next: 54%
Magic:  6/6        EV:  9    Int: 10    God:
Gold:   88         SH:  4    Dex: 13    Spells: 3/3 levels left

rFire   . . .      SeeInvis .   a - +0 long sword
rCold   . . .      Faith    .   c - +0 buckler
rNeg    . . .      Spirit   .   b - +0 scale mail
rPois   .          Reflect  .   (no helmet)
rElec   .          Harm     .   (no cloak)
rCorr   .          Rampage  .   (no gloves)
Will    .....                   (no boots)
Stlth   ..........              k - amulet of magic regeneration
HPRegen 0.12/turn               (no ring)
MPRegen 0.50/turn               (no ring)

@: lethally poisoned (0 -> -6)
A: high MP 1, forlorn, divine attributes
a: no special abilities


You were on level 3 of the Dungeon.
You visited 1 branch of the dungeon, and saw 3 of its levels.

You collected 88 gold pieces.

Inventory:

Hand Weapons
 a - a +0 long sword (weapon)
Missiles
 g - 14 sling bullets
Armour
 b - a +0 scale mail (worn)
 c - a +0 buckler (worn)
Jewellery
 k - an amulet of magic regeneration (around neck)
Wands
 l - a wand of iceblast (6)
Scrolls
 h - 2 scrolls of noise {unknown}
 i - a scroll of identify {unknown}
Potions
 d - a potion of might
 e - a potion of curing {unknown}
 f - a potion of attraction {unknown}
 j - a potion of flight {unknown}
 m - a potion of ambrosia {unknown}


   Skills:
 + Level 3.2 Fighting
 + Level 3.3 Long Blades
 + Level 3.2 Armour
 + Level 1.4 Dodging
 + Level 2.8 Shields


You had 3 spell levels left.
You didn't know any spells.
Your spell library contained the following spells:

 Spells                   Type           Power      Damage    Failure   Level
 Inner Flame              Hex/Fire       0%         N/A       99%         3
 Stone Arrow              Conj/Erth      0%         3d7       99%         3
 Animate Armour           Summ/Erth      0%         N/A       100%        4
 Cause Fear               Hex            0%         N/A       100%        4
 Discord                  Hex            0%         N/A       100%        8
 Lehudib's Crystal Spear  Conj/Erth      0%         10d2      100%        8


Dungeon Overview and Level Annotations

Branches:
Dungeon (3/15)

Shops:
D:1 =


Innate Abilities, Weirdness & Mutations

You have an increased reservoir of magic. (+10% MP)
You shall have no god before yourself.
Your divine heritage dramatically boosts your attributes as you level up.


Message History

You are too injured to fight recklessly!
You are too injured to fight recklessly!
You are too injured to fight recklessly!
You are too injured to fight recklessly!
A bat comes into view.
You barely miss the endoplasm. The bat closely misses you.
The bat hits you but does no damage. x2
The endoplasm freezes you.
You are frozen.
You hit the endoplasm.
The endoplasm is severely wounded.
The bat hits you but does no damage. You block the endoplasm's attack.
The bat hits you but does no damage.
You slash the endoplasm!
You kill the endoplasm!
The bat hits you but does no damage. You block the bat's attack.
You hit the bat.
You kill the bat!
A kobold comes into view.
It is wielding a +0 dagger and quivering poisoned darts.
The kobold shouts!
A kobold is nearby!
A kobold is nearby!
A kobold is nearby!
A kobold is nearby!
You are too injured to fight recklessly!
The kobold throws a poisoned dart.
The poisoned dart hits you!
You are poisoned.
You feel very sick.
The kobold throws a poisoned dart.
The poisoned dart hits you!
You are lethally poisoned!
* * * LOW HITPOINT WARNING * * *
You feel very sick.
Items here: ))))) [[[ ††††.
* * * LOW HITPOINT WARNING * * *
You feel sick.
* * * LOW HITPOINT WARNING * * *
You feel very sick.
* * * LOW HITPOINT WARNING * * *
You feel sick.
You die...

######### #..#
#.......# #..
#.#####.# .# #..
#..####.# #<######
.!# #.# ........#
#....... #... ..#
#.#####.# #.###### o
#K# #.# #.# #.#####.#
#. ...#..
#.#####.......# .o
#.#(###..@.........##
#.
#...#....#########.#
.. #.#)..## #.#
#.###.##.K#### #.#
.........## #.#
###.###.## #.# #...
#.# ....## .#.###


You could see a kobold.

Vanquished Creatures
  Natasha (thrice) (D:2)
  A worm (D:2)
  A dart slug (D:2)
  5 orcs (D:3)
  3 ball pythons
  5 bats
  An endoplasm (D:3)
  2 giant cockroaches (D:1)
  3 goblins (D:2)
  6 hobgoblins
  2 jackals (D:3)
  A quokka (D:1)
  2 frilled lizards
  4 kobolds
  6 rats
45 creatures vanquished.

Notes
Turn   | Place    | Note
-------+----------+-------------------------------------------
     0 | D:1      | seaoflcl the Demigod Fighter began the quest for the Orb.
     0 | D:1      | Reached XP level 1. HP: 18/18 MP: 3/3
   588 | D:1      | Found Ezua's Jewellery Boutique.
   676 | D:1      | Reached XP level 2. HP: 24/26 MP: 4/4
  1370 | D:2      | Noticed Natasha
  1382 | D:2      | HP: 1/26 [Natasha (6)]
  1384 | D:2      | Killed Natasha
  1385 | D:2      | Reached XP level 3. HP: 1/31 MP: 5/5
  1793 | D:2      | Noticed Natasha
  1800 | D:2      | Killed Natasha
  1801 | D:2      | Reached skill level 1 in Dodging
  1829 | D:2      | Noticed Natasha
  1839 | D:2      | Killed Natasha
  1840 | D:2      | Reached XP level 4. HP: 22/38 MP: 6/6
  2786 | D:3      | Succumbed to a kobold's poison

Illustrated notes

Levels and vault maps discovered:
D:1:      dpeg_arrival_shelter, layout_loops_ring, serial_shops, shop
D:2:      layout_loops_corners, basic_altar, uniq_natasha
D:3:      layout_loops_ring, eino_tiny_chamber,
          nicolae_concentric_dashed_squares_mild

Skill      XL: |  1  2  3 |
---------------+----------+-----
Fighting       | 3 |  3.2
Long Blades    | 2 3 |  3.3
Armour         | 3 |  3.2
Dodging        | 1 |  1.4
Shields        | |  2.8

Action                   |  1- 3 |  4- 6 || total
-------------------------+-------+-------++-------
Melee: Long sword        |    80 |    87 ||   167
Armor: Scale mail        |    45 |    45 ||    90
Dodge: Dodged            |    36 |    42 ||    78
Block: Buckler           |    17 |    18 ||    35
